Map: Cyber Forest LE

Players

Telorchid

  • Race: Terran Terran
  • League: Platinum
  • Spawn Location: 5:00

Parkkatz - Winner!

  • Race: Zerg Zerg
  • League: Platinum
  • Spawn Location: 11:00

VOD

Have the link to the VOD?

Description

Time

  • Played on: July 4, 2019, 10:06 a.m.
  • Length: 13:54
Show
View Real Time Build Order
Export as new Build Order

Telorchid Terran 

Build Orders: 2 Factory 

Get SALT Encoding   

  12  0:01  SCV  
  13  0:13  SCV  
  14  0:20  Supply Depot  
  14  0:25  SCV  
  15  0:31  Refinery  
  15  0:44  Barracks  
  15  0:50  SCV  
  16  1:02  SCV  
  17  1:06  Supply Depot  
  17  1:22  SCV  
  18  1:32  Marine  
  18  1:34  Orbital Command  
  19  2:03  Command Center  
  19  2:10  Factory  
  19  2:11  Barracks Reactor  
  19  2:14  SCV  
  20  2:26  SCV  
  20  2:27  Refinery  
  21  2:33  Supply Depot  
  21  2:38  SCV  
  22  2:50  SCV  
  23  3:05  Hellion x2  
  27  3:09  Armory  
  27  3:14  SCV  
  27  3:16  SCV  
  27  3:18  Barracks Tech Lab  
  29  3:20  Factory  
  29  3:29  Hellion  
  29  3:33  Hellion  
  33  3:41  Orbital Command  
  33  3:50  SCV  
  34  4:01  Hellion x2  
  38  4:09  Orbital Command  
  38  4:21  Command Center  
  37  4:39  Infernal Pre-Igniter  
  37  4:41  Siege Tank  
  37  4:42  Hellion x2  
  37  4:44  SCV  
  45  4:48  SCV  
  46  5:08  SCV  
  46  5:09  SCV  
  48  5:19  Siege Tank  
  48  5:20  Hellion  
  53  5:25  Engineering Bay  
  53  5:32  Supply Depot  
  53  5:33  Hellion  
  53  5:35  Supply Depot  
  55  5:37  SCV  
  55  5:38  SCV  
  57  5:52  Neosteel Armor, SCV x2  
  56  6:14  Planetary Fortress  
  56  6:16  SCV x2  
  58  6:20  Cyclone  
  58  6:21  Hellion x2  
  65  6:26  Missile Turret  
  65  6:28  SCV  
  65  6:32  Refinery  
  66  6:33  Refinery  
  66  6:36  Starport  
  66  6:42  Missile Turret  
  66  6:45  SCV  
  66  6:46  SCV  
  68  7:00  Missile Turret  
  68  7:04  SCV  
  68  7:05  Refinery  
  68  7:07  Refinery, SCV  
  68  7:08  Missile Turret  
  70  7:09  SCV  
  70  7:13  Missile Turret  
  71  7:23  SCV  
  71  7:24  SCV  
  71  7:25  SCV  
  74  7:32  Missile Turret  
  74  7:33  Hi-Sec Auto Tracking, Starport Reactor  
  74  7:36  Terran Vehicle Weapons Level 1  
  74  7:40  Armory  
  74  7:41  Missile Turret  
  74  7:50  Thor  
  80  7:59  SCV x3  
  80  8:03  Starport  
  83  8:09  Supply Depot  
  83  8:11  SCV  
  83  8:12  SCV  
  85  8:18  Supply Depot  
  85  8:24  Supply Depot  
  85  8:27  Missile Turret  
  85  8:30  SCV  
  85  8:31  Widow Mine x2  
  90  8:37  Terran Vehicle And Ship Armor Level 1  
  90  8:40  Fusion Core  
  90  8:41  Starport Tech Lab  
  90  8:53  Supply Depot  
  90  8:54  SCV x3  
  93  9:02  Widow Mine x2  
  97  9:13  Factory, Viking  
  97  9:14  Factory  
  99  9:34  Liberator x3  
  99  9:35  Siege Tank  
  102  9:45  Terran Vehicle Weapons Level 2  
  102  9:49  Advanced Ballistics  
  111  10:03  Factory Tech Lab  
  111  10:04  Factory Tech Lab  
  111  10:11  Factory  
  111  10:14  Factory  
  103  10:23  Siege Tank x3  
  98  10:48  Hellion x2  
  102  10:55  Cyclone, Hellion x2  
  109  11:05  Sensor Tower  
  106  11:16  Cyclone  
  106  11:17  Cyclone  
  76  12:03  Liberator x3  
  59  12:11  Hellion  
  59  12:12  Hellion, Factory Tech Lab x2  
  72  12:26  SCV x3  
  75  12:38  Command Center, SCV  
  75  12:41  Refinery  
  75  12:42  Cyclone x2  
  75  12:43  Cyclone x2  
  88  12:46  Liberator  
  88  12:48  Widow Mine  
  88  12:49  Siege Tank, Widow Mine  
  95  13:00  Missile Turret  
  98  13:16  Viking x2  
Show
View Real Time Build Order
Export as new Build Order

Parkkatz Zerg - Winner!

Build Orders: Hatch First, Roach Hydra 

Get SALT Encoding   

  12  0:01  Drone  
  13  0:13  Overlord  
  13  0:21  Drone  
  14  0:32  Drone x2  
  16  0:36  Drone  
  17  0:47  Drone  
  18  0:58  Hatchery  
  18  1:01  Extractor  
  18  1:02  Drone  
  17  1:14  Drone  
  18  1:21  Spawning Pool  
  18  1:24  Drone  
  18  1:31  Drone  
  19  1:42  Overlord  
  19  2:08  Drone  
  20  2:09  Hatchery, Zergling x2  
  20  2:13  Queen  
  22  2:23  Zergling x2  
  22  2:27  Queen  
  25  2:34  Overlord  
  25  2:45  Metabolic Boost  
  25  2:52  Drone x2  
  25  2:53  Drone  
  28  3:02  Drone x3  
  31  3:11  Spine Crawler  
  30  3:15  Drone x2  
  32  3:21  Queen  
  34  3:29  Queen  
  36  3:41  Overlord  
  36  3:43  Drone x3  
  36  3:44  Drone  
  40  3:51  Roach Warren  
  39  3:58  Drone x3  
  39  3:59  Evolution Chamber  
  41  4:10  Queen  
  43  4:31  Queen  
  43  4:35  Spine Crawler x2  
  43  4:39  Roach x7  
  57  4:48  Drone  
  57  4:50  Overlord x2  
  58  5:08  Roach  
  58  5:09  Roach  
  58  5:11  Overlord  
  62  5:14  Drone  
  62  5:15  Drone x2  
  62  5:16  Drone x3  
  62  5:17  Drone  
  62  5:19  Extractor  
  62  5:21  Drone, Extractor  
  68  5:22  Overlord  
  68  5:37  Drone x3  
  68  5:38  Drone  
  72  5:43  Drone  
  72  5:44  Drone x3  
  72  5:45  Drone x2  
  78  5:50  Lair  
  78  5:53  Drone  
  78  5:54  Drone x5  
  66  6:19  Zerg Missile Weapons Level 1  
  66  6:22  Drone x3  
  66  6:23  Roach, Drone  
  66  6:24  Roach x3  
  78  6:30  Baneling Nest  
  75  6:35  Roach x2  
  79  6:40  Zergling x2  
  79  6:41  Zergling x18  
  89  6:50  Spore Crawler  
  89  6:53  Spore Crawler  
  87  6:54  Hatchery  
  87  6:56  Spore Crawler, Drone  
  87  6:57  Drone x3  
  89  7:13  Infestation Pit  
  88  7:16  Hydralisk Den  
  88  7:17  Extractor  
  88  7:18  Hatchery  
  88  7:19  Overlord, Extractor  
  88  7:20  Overlord x4, Extractor  
  83  7:28  Glial Reconstitution  
  74  7:50  Hive  
  73  7:51  Muscular Augments  
  73  7:52  Drone  
  73  7:53  Hydralisk  
  73  7:58  Drone x2  
  77  7:59  Drone  
  77  8:01  Drone x2  
  77  8:02  Drone x3  
  77  8:03  Roach, Drone  
  77  8:04  Roach x3  
  93  8:18  Hydralisk  
  93  8:19  Hydralisk x2  
  99  8:24  Hydralisk  
  101  8:27  Queen  
  101  8:31  Hydralisk  
  101  8:32  Hydralisk  
  101  8:33  Hydralisk  
  109  8:45  Hydralisk x3  
  109  8:46  Hydralisk  
  117  8:56  Zerg Missile Weapons Level 2  
  117  9:00  Evolution Chamber  
  117  9:01  Overlord x2  
  116  9:07  Drone x5  
  116  9:08  Drone x6  
  116  9:09  Drone x2  
  129  9:10  Queen  
  131  9:17  Spire  
  131  9:20  Adrenal Glands  
  131  9:23  Roach  
  132  9:28  Hydralisk x2  
  132  9:31  Overlord x2  
  136  9:38  Grooved Spines  
  136  9:44  Hydralisk  
  136  9:45  Hydralisk x2  
  142  9:46  Hydralisk  
  144  9:53  Drone x2  
  144  9:54  Drone  
  144  9:56  Overlord  
  144  9:57  Overlord x2, Extractor  
  144  9:58  Hydralisk, Roach, Extractor  
  144  9:59  Hydralisk  
  151  10:03  Overseer  
  151  10:04  Pneumatized Carapace  
  151  10:11  Drone x3  
  152  10:18  Zergling x8  
  152  10:19  Zergling x14  
  139  10:36  Greater Spire  
  139  10:39  Centrifical Hooks  
  139  10:41  Zerg Ground Armor Level 1  
  139  10:44  Drone x4  
  139  10:45  Drone x2  
  139  10:47  Spore Crawler, Drone x3  
  147  10:53  Hydralisk x5  
  150  11:14  Zerg Missile Weapons Level 3  
  145  11:19  Zergling x2  
  145  11:20  Zergling x54  
  173  11:40  Corruptor x4  
  128  12:08  Corruptor x5  
  128  12:20  Zergling x2  
  128  12:21  Zergling x28  
  128  12:22  Zergling x30  
  146  12:27  Brood Lord x3  
  146  12:28  Brood Lord  
  154  12:30  Hydralisk  
  154  12:31  Hydralisk  
  154  12:33  Hydralisk  
  154  12:36  Hydralisk  
  162  12:50  Hydralisk x2  
  162  12:51  Hydralisk x5  
  176  13:00  Baneling x2  
  176  13:01  Baneling x6  
  176  13:07  Brood Lord  
  178  13:24  Hydralisk x2  
Tags
 
Add a new tag
Caveats
  • Supply blocks, unpowered buildings, or Contaminate may cause inaccurate times.
  • Supply counts are checked every 10 seconds.